Map: Lost and Found LE

Players

SpeCial

  • Race: Terran Terran
  • Spawn Location: 7:00

Rogue - Winner!

  • Race: Zerg Zerg
  • Spawn Location: 1:00

Event: 2018 WCS Global Finals

VOD

Have the link to the VOD?

Description

Time

  • Played on: Oct. 27, 2018, 2:37 p.m.
  • Length: 6:45

All games in this series

Show
View Real Time Build Order
Export as new Build Order

SpeCial Terran 

Build Orders: Reaper Expand, Hellion Banshee 

Get SALT Encoding   

  12  0:00  SCV  
  13  0:13  SCV  
  14  0:16  Supply Depot  
  14  0:25  SCV  
  15  0:38  SCV  
  15  0:39  Barracks  
  16  0:44  Refinery  
  16  0:50  SCV  
  17  1:02  SCV  
  18  1:14  SCV  
  19  1:28  Reaper, Orbital Command  
  20  1:37  Command Center  
  20  1:45  Supply Depot  
  20  1:53  SCV  
  21  2:00  Marine  
  22  2:04  Factory  
  22  2:05  SCV  
  23  2:17  SCV  
  23  2:22  Barracks Reactor  
  24  2:29  SCV  
  25  2:36  Command Center  
  25  2:42  SCV  
  26  2:51  Orbital Command  
  26  2:53  Refinery  
  26  2:54  SCV  
  27  3:01  Starport  
  27  3:06  SCV  
  27  3:11  Hellion  
  30  3:16  Hellion  
  30  3:18  Barracks Tech Lab  
  32  3:21  SCV  
  32  3:22  SCV  
  34  3:33  SCV  
  35  3:34  SCV  
  35  3:37  Hellion x2  
  40  3:44  Refinery  
  40  3:47  Refinery  
  40  3:48  Banshee  
  43  3:51  SCV x2  
  45  3:56  Orbital Command  
  45  4:01  Barracks Tech Lab  
  45  4:04  SCV  
  45  4:06  SCV  
  47  4:12  Hellion x2  
  47  4:16  SCV  
  52  4:18  SCV  
  52  4:22  SCV  
  54  4:24  Supply Depot  
  54  4:29  SCV  
  55  4:34  Cyclone x2, Orbital Command  
  61  4:46  Raven, SCV x2  
  61  4:47  Supply Depot  
  65  4:52  Supply Depot  
  65  4:57  Armory  
  65  4:58  SCV x2  
  67  5:02  SCV  
  67  5:05  Engineering Bay  
  68  5:10  SCV x2  
  68  5:11  Cyclone x2  
  68  5:14  SCV  
  77  5:15  Supply Depot  
  77  5:22  SCV x2  
  77  5:26  SCV  
  80  5:29  Supply Depot  
  80  5:34  SCV x2  
  82  5:37  Factory  
  82  5:38  SCV, Factory  
  82  5:39  Supply Depot  
  82  5:41  Starport Reactor  
  83  5:46  SCV  
  83  5:47  SCV  
  85  5:50  SCV  
  85  5:52  Hellion x2  
  90  5:59  SCV x2  
  87  6:13  Hellion  
  87  6:14  SCV  
  87  6:18  SCV  
  87  6:19  SCV  
  77  6:26  SCV  
  77  6:30  SCV  
  77  6:31  SCV  
Show
View Real Time Build Order
Export as new Build Order

Rogue Zerg - Winner!

Build Orders: Hatch First 

Get SALT Encoding   

  12  0:01  Drone  
  13  0:12  Overlord  
  13  0:17  Drone  
  14  0:30  Drone  
  14  0:31  Drone  
  16  0:48  Hatchery  
  15  0:50  Drone  
  15  0:54  Drone  
  17  0:57  Drone  
  18  1:09  Extractor  
  17  1:13  Spawning Pool  
  17  1:16  Drone  
  17  1:19  Drone  
  18  1:29  Drone  
  19  1:39  Overlord  
  19  1:49  Drone  
  20  1:59  Queen x2  
  20  2:00  Zergling x4  
  26  2:08  Metabolic Boost  
  26  2:12  Drone x2  
  28  2:29  Hatchery  
  27  2:31  Drone  
  27  2:34  Drone  
  30  2:37  Drone  
  30  2:39  Drone  
  31  2:46  Queen  
  31  2:49  Drone  
  34  2:54  Overlord  
  34  2:57  Drone  
  35  2:58  Drone  
  36  3:12  Drone x4  
  40  3:13  Drone x2  
  40  3:14  Overlord  
  40  3:17  Drone  
  43  3:22  Drone  
  44  3:39  Drone x2  
  44  3:40  Overlord  
  44  3:41  Queen  
  46  3:43  Drone, Queen  
  46  3:45  Drone x3  
  46  3:46  Drone  
  55  3:49  Drone  
  55  3:54  Queen  
  58  3:57  Overlord  
  58  3:58  Overlord  
  58  4:03  Drone x2  
  58  4:04  Drone x2  
  58  4:07  Zergling x2  
  63  4:14  Zergling x6  
  63  4:16  Overlord  
  66  4:18  Queen  
  66  4:22  Drone x2  
  70  4:28  Drone x5, Spore Crawler  
  74  4:31  Lair  
  74  4:39  Spore Crawler  
  74  4:43  Extractor  
  74  4:44  Drone x4  
  74  4:45  Baneling Nest  
  74  4:48  Overlord  
  74  4:50  Extractor  
  74  4:51  Extractor  
  72  4:54  Drone x8  
  80  5:03  Drone x2  
  80  5:04  Overlord  
  82  5:08  Evolution Chamber  
  82  5:09  Extractor  
  82  5:10  Evolution Chamber, Extractor  
  82  5:11  Spore Crawler  
  82  5:12  Zergling x6  
  82  5:13  Zergling x2  
  81  5:16  Drone x2  
  83  5:26  Roach Warren  
  83  5:28  Zergling x18  
  83  5:31  Baneling x2  
  83  5:34  Baneling x3, Overseer  
  90  5:40  Drone x2  
  92  5:43  Overlord  
  92  5:44  Drone x2  
  92  5:48  Overseer  
  94  5:51  Drone x3  
  97  5:58  Baneling x2  
  97  6:03  Overlord  
  97  6:06  Overlord  
  97  6:07  Infestation Pit  
  97  6:10  Roach x4  
  103  6:14  Roach  
  103  6:16  Overlord x2  
  103  6:17  Overlord  
  103  6:18  Overlord  
  104  6:23  Roach x3  
  104  6:24  Zergling x2  
  102  6:26  Zergling x2  
Tags
 
Add a new tag
Caveats
  • Supply blocks, unpowered buildings, or Contaminate may cause inaccurate times.
  • Supply counts are checked every 10 seconds.